 Dungeon Crawl Stone Soup version 0.27.0-1-g7a089689b8 (webtiles) character file.

Game seed: 8785493085415287504

15695 Delamore the Basher (level 12, -2/68 HPs)
             Began as a Gargoyle Fighter on Aug 9, 2021.
             Was an Initiate of Gozag.
             Slain by Snorg (8 damage)
             ... on level 2 of the Lair of Beasts.
             The game lasted 00:14:00 (10489 turns).

Delamore the Basher (Gargoyle Fighter)             Turns: 10489, Time: 00:14:01

Health: -2/68      AC: 31    Str: 25    XL:     12   Next: 29%
Magic:  12/12      EV:  9    Int:  9    God:    Gozag
Gold:   478        SH: 14    Dex: 14    Spells: 11/11 levels left

rFire    . . .     SeeInvis .   i - +3 flail (protect)
rCold    . . .     Faith    .   c - +1 kite shield
rNeg     + . .     Spirit   .   Q - +3 ring mail of the Jabberwock {Dex+5}
rPois    ∞         Reflect  .   (no helmet)
rElec    +         Harm     .   (no cloak)
rCorr    .         Rampage  .   j - +2 pair of gloves
Will     .....                  (no boots)
Stlth    +.........             I - amulet of regeneration
HPRegen  1.21/turn              o - +4 ring of protection
MPRegen  0.13/turn              N - +4 ring of slaying

@: under a protective aura
A: sickness immunity, AC +8, negative energy resistance 1, electricity
resistance, torment resistance 1, petrification resistance
a: Renounce Religion, Potion Petition, Call Merchant, Bribe Branch


You were on level 2 of the Lair of Beasts.
You worshipped Gozag.
Gozag was aware of your devotion.
You visited 3 branches of the dungeon, and saw 12 of its levels.

You collected 2130 gold pieces.
You spent 862 gold pieces at shops.
You paid 790 gold pieces to Gozag.

Inventory:

Hand Weapons
 a - a +0 flail
 i - a +3 flail of protection (weapon)
Missiles
 m - 42 poisoned darts
 r - 5 atropa-tipped darts
 w - 10 javelins
 J - 8 boomerangs (quivered)
Armour
 c - a +1 kite shield (worn)
 j - a +2 pair of gloves (worn)
 Q - the +3 ring mail of the Jabberwock (worn) {Dex+5}
   (You bought it in a shop on level 2 of the Lair of Beasts)

   Dex:       It affects your dexterity (+5).
Jewellery
 o - a +4 ring of protection (left hand)
 y - a ring of positive energy
 I - an amulet of regeneration (around neck)
 N - a +4 ring of slaying (right hand)
 P - a ring of protection from cold
Wands
 t - a wand of paralysis (8)
 E - a wand of iceblast (17)
 G - a wand of charming (11)
Scrolls
 b - a scroll of immolation
 f - 2 scrolls of noise
 l - 2 scrolls of amnesia
 n - 4 scrolls of enchant armour
 p - a scroll of torment
 q - 3 scrolls of teleportation
 s - a scroll of silence {unknown}
 A - a scroll of enchant weapon
 B - a scroll of acquirement {unknown}
 D - a scroll of vulnerability {unknown}
 F - a scroll of fear
 K - a scroll of magic mapping {unknown}
 L - 2 scrolls of blinking
Potions
 d - 3 potions of might
 e - 7 potions of curing
 g - a potion of mutation
 h - a potion of attraction
 k - a potion of magic
 u - 4 potions of flight
 v - 3 potions of invisibility
 x - a potion of lignification {unknown}
 z - 2 potions of heal wounds
 C - a potion of brilliance
 H - a potion of berserk rage {unknown}
 M - 2 potions of haste {unknown}
 O - 10 potions of ambrosia


   Skills:
 - Level 5.0 Fighting
 - Level 14.0 Maces & Flails
 - Level 6.0 Throwing
 - Level 3.2 Armour
 + Level 11.1 Shields
 - Level 5.0 Evocations


You had 11 spell levels left.
You didn't know any spells.
Your spell library contained the following spells:

 Spells                   Type           Power      Damage    Failure   Level
 Animate Skeleton         Necr           0%         N/A       69%         1
 Apportation              Tloc           0%         N/A       69%         1
 Freeze                   Ice            0%         1d3       69%         1
 Magic Dart               Conj           0%         1d3       69%         1
 Pain                     Necr           0%         1d4       69%         1
 Call Imp                 Summ           0%         N/A       83%         2
 Corpse Rot               Necr/Air       N/A        N/A       83%         2
 Frozen Ramparts          Ice            0%         1d2       96%         3
 Gell's Gravitas          Tloc           0%         N/A       96%         3
 Lesser Beckoning         Tloc           0%         N/A       96%         3
 Mephitic Cloud           Conj/Pois/Air  0%         N/A       96%         3
 Teleport Other           Tloc           0%         N/A       96%         3
 Vampiric Draining        Necr           0%         2d6       96%         3
 Airstrike                Air            0%         N/A       100%        4
 Dispel Undead            Necr           0%         3d6       100%        4
 Hailstorm                Conj/Ice       0%         3d3       100%        4
 Summon Lightning Spire   Summ/Air       0%         N/A       100%        4
 Lightning Bolt           Conj/Air       0%         1d11      100%        5
 Death Channel            Necr           0%         N/A       100%        6
 Dispersal                Tloc           0%         N/A       100%        6
 Disjunction              Tloc           0%         N/A       100%        8


Dungeon Overview and Level Annotations

Branches:
Dungeon (8/15)             Temple (1/1) D:4            Lair (3/6) D:8
 Shoals (0/4) Lair:2        Snake (0/4) Lair:2

Altars:
Dithmenos
Elyvilon
Fedhas
Gozag
Kikubaaqudgha
Makhleb
Nemelex Xobeh
Okawaru
Qazlal
Ru
Trog
Uskayaw
Vehumet
Wu Jian
Yredelemnul
The Shining One

Shops:
D:7 *=*   Lair:2 [

Annotations:
Lair:2 Snorg


Innate Abilities, Weirdness & Mutations

You are immune to sickness and miasma.
Your stone body is resilient. (AC +8)
You are immune to poison.
You resist negative energy. (rN+)
You are resistant to electric shocks. (rElec)
You are resistant to unholy torment.
You are immune to petrification.


Message History

You block Snorg's attack. x2; Snorg claws you!
You hit Snorg.
Your weapon exudes an aura of protection.
Snorg is moderately wounded.
Snorg barely misses you. You block Snorg's attack. x2
You closely miss Snorg.
Snorg is moderately wounded.
You block Snorg's attack. Snorg claws you! Snorg closely misses you.
You bludgeon Snorg!!
Snorg is heavily wounded.
You block Snorg's attack. Snorg claws you but does no damage.
You block Snorg's attack. Snorg bites you. Snorg claws you!
You block Snorg's attack.
You sock Snorg!
Snorg is heavily wounded.
Snorg bites you but does no damage. Snorg claws you.
Snorg claws you but does no damage.
You closely miss Snorg.
Snorg is heavily wounded.
Snorg bites you but does no damage. Snorg closely misses you.
You block Snorg's attack.
You sock Snorg!
Snorg is severely wounded.
You block Snorg's attack. x2; Snorg claws you but does no damage.
You completely miss Snorg.
Snorg is severely wounded.
Snorg bites you but does no damage. Snorg claws you. You block Snorg's attack.
You sock Snorg!
Snorg is severely wounded.
You block Snorg's attack. Snorg claws you!
* * * LOW HITPOINT WARNING * * *
Snorg claws you but does no damage. You block Snorg's attack.
Snorg claws you but does no damage. You block Snorg's attack. Snorg bites you.
* * * LOW HITPOINT WARNING * * *
Snorg claws you.
* * * LOW HITPOINT WARNING * * *
Snorg claws you!
You die...
Your body crumbles into a pile of gold.

.####.##.##..# ###.......# ##
########## #..#.....## #
###......## # ### ##........P #
### ##.#### ##P......... ##
#####.###.#...####.....P.....
.####.#.#..........#.....######..
.........................# ##.
..T..........$.T@....##### ##
....####.P#.......#### # .####
#########.#.# ## ...# ##### #.
..P##### #P.##### ##.
....#..##########.....### #####..
...........#............###.##...
..####...........................
.## ###..........#.....(........


You could see Snorg (berserk).

Vanquished Creatures
  2 hydras
  A boulder beetle (Lair:1)
  2 black mambas
  5 cane toads
  3 komodo dragons
  A queen bee (Lair:3)
  A hornet (D:8)
  9 blink frogs
  A wyvern (Lair:3)
  16 yaks
  3 basilisks
  12 water moccasins
  An ice beast (D:4)
  2 black bears
  2 orc warriors (D:6)
  A sky beast (D:7)
  2 ogres
  A necrophage (D:6)
  6 wolves (Lair:2)
  A phantom (D:5)
  A kobold brigand (D:7)
  2 scorpions
  7 bullfrogs
  A wyvern skeleton (D:7)
  A water moccasin skeleton (D:4)
  34 killer bees
  3 howler monkeys
  An electric eel (Lair:1)
  2 centaur zombies (D:8)
  A bullfrog zombie (D:7)
  A bullfrog skeleton (D:4)
  4 orc priests
  3 hounds
  2 centaur skeletons
  A gnoll shaman (D:5)
  2 jellies (D:4)
  3 iguanas
  6 orc wizards
  A howler monkey zombie (D:7)
  3 gnolls (D:5)
  A howler monkey skeleton (D:4)
  6 adders
  2 shadow imps
  A white imp (D:7)
  An ufetubus (D:5)
  An adder skeleton (D:5)
  2 worms
  2 dart slugs (D:1)
  21 orcs
  5 bats
  5 endoplasms
  2 giant cockroaches
  9 goblins
  5 hobgoblins
  2 jackals (D:2)
  3 quokkas
  5 ball pythons
  3 frilled lizards
  12 kobolds
  10 rats
249 creatures vanquished.

Vanquished Creatures (others)
  3 orcs (D:3)
  A goblin (D:3)
  8 fungi
  19 plants
31 creatures vanquished.

Grand Total: 280 creatures vanquished

Notes
Turn   | Place    | Note
-------+----------+-------------------------------------------
     0 | D:1      | Delamore the Gargoyle Fighter began the quest for the Orb.
     0 | D:1      | Reached XP level 1. HP: 14/14 MP: 1/1
   248 | D:1      | Reached XP level 2. HP: 19/19 MP: 2/2
   843 | D:1      | Reached XP level 3. HP: 23/23 MP: 3/3
   996 | D:2      | Found a faded altar of an unknown god.
  1053 | D:2      | Reached skill level 3 in Maces & Flails
  1137 | D:2      | Found a blossoming altar of Fedhas.
  1455 | D:2      | Reached XP level 4. HP: 24/29 MP: 4/4
  2252 | D:3      | Found a radiant altar of Vehumet.
  2462 | D:4      | Noticed a black bear
  2474 | D:4      | Killed a black bear
  2475 | D:4      | Reached skill level 4 in Maces & Flails
  2475 | D:4      | Reached XP level 5. HP: 23/34 MP: 5/5
  2726 | D:4      | Reached XP level 6. HP: 31/39 MP: 6/6
  2801 | D:4      | Found a staircase to the Ecumenical Temple.
  2810 | Temple   | Entered the Ecumenical Temple
  3002 | Temple   | Became a worshipper of Gozag Ym Sagoz the Greedy
  3079 | D:4      | Reached skill level 5 in Maces & Flails
  3275 | D:4      | Reached skill level 5 in Shields
  3290 | D:4      | Reached skill level 5 in Fighting
  3295 | D:4      | Reached XP level 7. HP: 35/44 MP: 7/7
  3418 | D:4      | Got the Incunabulum of Warped Evil Magic
  3789 | D:4      | Reached skill level 1 in Evocations
  3794 | D:4      | Reached skill level 6 in Maces & Flails
  4089 | D:5      | Entered Level 5 of the Dungeon
  4209 | D:5      | Reached XP level 8. HP: 45/49 MP: 8/8
  4418 | D:5      | Reached skill level 7 in Maces & Flails
  5268 | D:6      | Reached skill level 8 in Maces & Flails
  5514 | D:6      | Reached skill level 9 in Maces & Flails
  5514 | D:6      | Reached XP level 9. HP: 30/54 MP: 9/9
  6012 | D:7      | Found Bynos's Assorted Antiques.
  6017 | D:7      | Bought a fuming dark potion for 24 gold pieces
  6017 | D:7      | Bought a scroll labelled AWIVYC TOILOO for 27 gold pieces
  6017 | D:7      | Bought a fuming purple potion for 24 gold pieces
  6017 | D:7      | Bought a scroll labelled ALOMMAV MEEPT for 27 gold pieces
  6017 | D:7      | Bought a scroll of identify for 54 gold pieces
  6297 | D:7      | Found Qethub's Jewellery Boutique.
  6321 | D:7      | Bought an amulet of regeneration for 360 gold pieces
  6766 | D:7      | Found Keogh's Assorted Antiques.
  6780 | D:7      | Reached skill level 5 in Evocations
  6817 | D:7      | Bought a scroll labelled ZEDICE WUGOYSI for 28 gold pieces
  6817 | D:7      | Bought a scroll labelled KOFAFU IKONUT for 28 gold pieces
  6817 | D:7      | Bought a scroll of identify for 56 gold pieces
  7090 | D:8      | Reached skill level 10 in Maces & Flails
  7111 | D:8      | Noticed a hornet
  7135 | D:8      | Killed a hornet
  7151 | D:8      | Found a staircase to the Lair.
  7287 | D:8      | Reached skill level 11 in Maces & Flails
  7893 | Lair:1   | Entered Level 1 of the Lair of Beasts
  7897 | Lair:1   | Noticed a cane toad
  8060 | D:8      | Killed a cane toad
  8061 | D:8      | Reached skill level 1 in Throwing
  8061 | D:8      | Reached XP level 10. HP: 49/59 MP: 10/10
  8282 | D:8      | Reached skill level 12 in Maces & Flails
  8525 | Lair:1   | Noticed a black mamba
  8536 | Lair:1   | Killed a black mamba
  8564 | Lair:1   | Noticed a boulder beetle
  8566 | Lair:1   | Noticed an eight-headed hydra
  8575 | Lair:1   | Killed a boulder beetle
  8586 | Lair:1   | Reached XP level 11. HP: 41/63 MP: 11/11
  8595 | Lair:1   | Killed an eight-headed hydra
  8596 | Lair:1   | Reached skill level 13 in Maces & Flails
  9093 | Lair:2   | Found a staircase to the Shoals.
  9412 | Lair:2   | Reached skill level 5 in Throwing
  9566 | Lair:2   | Found a staircase to the Snake Pit.
  9573 | Lair:2   | Identified the +9 dagger of Patterns {spect, Dex+7}
  9774 | Lair:2   | Bought a glimmering ring mail for 234 gold pieces
  9774 | Lair:2   | Identified the +3 ring mail of the Jabberwock {Dex+5} (You
                  | bought it in a shop on level 2 of the Lair of Beasts)
  9808 | Lair:3   | Noticed a four-headed hydra
  9825 | Lair:3   | Killed a four-headed hydra
  9826 | Lair:3   | Reached skill level 14 in Maces & Flails
  9989 | Lair:3   | Reached XP level 12. HP: 68/68 MP: 12/12
 10248 | Lair:3   | Reached skill level 10 in Shields
 10393 | Lair:3   | Noticed Snorg
 10489 | Lair:2   | Slain by Snorg

Illustrated notes

Levels and vault maps discovered:
D:1:      scummos_arrival_simple_fountains, layout_loops_ring,
          chequers_serial_rivers_room_a
D:2:      layout_basic, basic_altar, dreamdust_ecumenical_altar_statues
D:3:      layout_basic, fiery_altar_vehumet, minmay_goblin_outpost
D:4:      layout_rooms, minmay_temple_entry_statues_pillars
D:5:      layout_loops_ring, serial_rivers, chequers_serial_rivers_room_a,
          chequers_serial_rivers_small_b, chequers_serial_rivers_large_a,
          chequers_serial_rivers_micro_e, kennysheep_generic_room_15
D:6:      layout_basic
D:7:      layout_basic, serial_shops, shop, nicolae_diamond_shop, shop
D:8:      layout_cave_pools, lair_entry_dummy, kennysheep_decorative_pillar
Temple:   kilobyte_greek_temple
Lair:1:   statuecave_lemuel, layout_chaotic_city, chequers_serial_rivers_marsh,
          hangedman_lair_generics_rect
Lair:2:   layout_layer_cave, elwin_shoals_entry_rocks,
          minmay_snake_entry_six_corridors
Lair:3:   layout_misc_corridors, special_room [special_room_bee],
          grunt_megastairs_5, lemuel_fruit_fields, lemuel_fruit_tree, uniq_snorg

Skill      XL: |  1  2  3  4  5  6  7  8  9 10 11 12 |
---------------+-------------------------------------+-----
Maces & Flails | 3 4 5 6 9 11 12 14 | 14.0
Shields        | 4 5 7 9 11 | 11.1
Fighting       | 4 5 |  5.0
Evocations     | 2 4 5 |  5.0
Throwing       | 1 3 6 |  6.0
Armour         | |  3.2

Action                   |  1- 3 |  4- 6 |  7- 9 | 10-12 || total
-------------------------+-------+-------+-------+-------++-------
Melee: Flail             |   131 |   167 |   447 |   552 ||  1297
Throw: Dart              |       |     3 |       |     5 ||     8
       Boomerang         |       |       |       |    18 ||    18
Invok: Call Merchant     |       |       |       |     1 ||     1
Evoke: Wand              |       |       |       |     4 ||     4
  Use: Scroll            |       |     3 |    12 |     2 ||    17
 Stab: Paralysed         |       |       |       |    13 ||    13
       Distracted        |       |       |       |     4 ||     4
Armor: Scale mail        |    66 |   115 |   356 |   137 ||   674
       Ring mail         |       |       |       |   141 ||   141
Dodge: Dodged            |    44 |    62 |   154 |   162 ||   422
Block: Kite shield       |    70 |   102 |   279 |   378 ||   829
